SNL (28 & UNDER)
SANTA FE DIABLOS @ GAINESVILLE GUIDOS
06/25/2028
 
TOP OF THE 1ST
Santa Fe Diablos batting - Pitching for Gainesville Guidos : RHP Dean Kell
Pitching: RHP Dean Kell
Batting: LHB David Hernández 0-0: Ball
1-0: Ball
2-0: SINGLE (Line Drive, 7S)
Batting: SHB George Adams 0-0: Ball
1-0: Called Strike
1-1: Ball
2-1: Foul Ball, location: 2F
2-2: Ball
3-2: Ground out 4-3 (Groundball, 4)
David Hernández to second
Batting: RHB Lee Price 0-0: Ball
1-0: SINGLE (Groundball, 56D)
David Hernández to third
Runner from 3rd tries for Home, SAFE, no throw
Batting: LHB John Bond 0-0: Swinging Strike
0-1: Ball
1-1: Ball
2-1: Grounds into double play, 3-6-3 (Groundball, 3)
Top of the 1st over - 1 run(s), 2 hit(s), 0 error(s), 0 left on base; Santa Fe 1 - Gainesville 0
BOTTOM OF THE 1ST
Gainesville Guidos batting - Pitching for Santa Fe Diablos : RHP Christian Camden
Pitching: RHP Christian Camden
Batting: LHB Robbie Turner 0-0: Ball
1-0: Foul Ball, location: 2F
1-1: Ball
2-1: Ball
3-1: Base on Balls
Batting: RHB Doug Coleman 0-0: Called Strike
0-1: Called Strike
0-2: Foul Ball, location: 2F
0-2: Strikes out swinging
Batting: RHB Kyle O'Day 0-0: Ball
1-0: Ball
2-0: Called Strike
2-1: Called Strike
2-2: Ball
3-2: Grounds into double play, 4-6-3 (Groundball, 34)
Bottom of the 1st over - 0 run(s), 0 hit(s), 0 error(s), 0 left on base; Santa Fe 1 - Gainesville 0
TOP OF THE 2ND
Santa Fe Diablos batting - Pitching for Gainesville Guidos : RHP Dean Kell
Batting: RHB John Dinkins 0-0: Ball
1-0: Ball
2-0: Ball
3-0: Base on Balls
Batting: LHB Javier Martínez 0-0: Ball
1-0: Foul Ball, location: 2F
1-1: Ball
2-1: Ball
3-1: Base on Balls
John Dinkins to second
Batting: LHB Juan Torres 0-0: Ball
1-0: Ball
2-0: Foul Ball, location: 2F
2-1: Swinging Strike
2-2: Ground out 5-3 (Groundball, 56S)
John Dinkins to third
Javier Martínez to second
Batting: RHB Keith Jones 0-0: Ball
1-0: Swinging Strike
1-1: Fly out, F9 (Flyball, 9)
Batting: SHB Ángel Díaz 0-0: Ball
1-0: Foul Ball, location: 2F
1-1: Ball
2-1: SINGLE (Flyball, 7LS)
John Dinkins scores
Javier Martínez to third
Batting: LHB David Hernández 0-0: Ball
1-0: Swinging Strike
1-1: Ball
2-1: Foul Ball, location: 2F
2-2: Ball
3-2: Strikes out swinging
Top of the 2nd over - 1 run(s), 1 hit(s), 0 error(s), 2 left on base; Santa Fe 2 - Gainesville 0
BOTTOM OF THE 2ND
Gainesville Guidos batting - Pitching for Santa Fe Diablos : RHP Christian Camden
Batting: RHB Augusto Baca 0-0: Ball
1-0: Swinging Strike
1-1: Foul Ball, location: 2F
1-2: Ground out 5-3 (Groundball, 56S)
Batting: RHB Denver Baker 0-0: Ball
1-0: Called Strike
1-1: Fly out, F4 (Popup, 4MD)
Batting: LHB Pedro Juárez 0-0: DOUBLE (Flyball, 7D)
Batting: RHB Iván Moreno 0-0: Ball
1-0: Ground out 6-3 (Groundball, 56)
Bottom of the 2nd over - 0 run(s), 1 hit(s), 0 error(s), 1 left on base; Santa Fe 2 - Gainesville 0
TOP OF THE 3RD
Santa Fe Diablos batting - Pitching for Gainesville Guidos : RHP Dean Kell
Batting: SHB George Adams 0-0: Called Strike
0-1: Foul Ball, location: 2F
0-2: Ball
1-2: Ball
2-2: Ball
3-2: Foul Ball, location: 2F
3-2: Base on Balls
Batting: RHB Lee Price 0-0: Swinging Strike
0-1: Called Strike
0-2: Strikes out swinging
Batting: LHB John Bond 0-0: Ball
1-0: Ball
Wild Pitch!
George Adams to second
2-0: Called Strike
2-1: Foul Ball, location: 2F
2-2: Foul Ball, location: 2F
2-2: Foul Ball, location: 2F
2-2: Ball
3-2: Foul Ball, location: 2F
3-2: Base on Balls
Batting: RHB John Dinkins 0-0: Called Strike
John Bond is caught stealing 2nd base
0-1: Ball
1-1: Ball
2-1: Called Strike
2-2: SINGLE (Line Drive, 4M)
George Adams scores
Batting: LHB Javier Martínez 0-0: SINGLE (Groundball, 34D)
John Dinkins to second
Runner from 2nd tries for 3rd, SAFE, throw made to third
Batting: LHB Juan Torres 0-0: Fielders Choice at 2nd, 6-4 (Groundball, 6)
Top of the 3rd over - 1 run(s), 2 hit(s), 0 error(s), 1 left on base; Santa Fe 3 - Gainesville 0
BOTTOM OF THE 3RD
Gainesville Guidos batting - Pitching for Santa Fe Diablos : RHP Christian Camden
Batting: LHB Eddy Jefferson 0-0: Foul Ball, location: 2F
0-1: Ball
1-1: Called Strike
1-2: Strikes out looking
Batting: RHB Adrián López 0-0: Ball
1-0: Ball
2-0: Ball
3-0: Called Strike
3-1: Ground out 4-3 (Groundball, 4M)
Batting: LHB Robbie Turner 0-0: Ball
1-0: Ground out U3 (Groundball, 3)
Bottom of the 3rd over - 0 run(s), 0 hit(s), 0 error(s), 0 left on base; Santa Fe 3 - Gainesville 0
TOP OF THE 4TH
Santa Fe Diablos batting - Pitching for Gainesville Guidos : RHP Dean Kell
Batting: RHB Keith Jones 0-0: Ball
1-0: Called Strike
1-1: Ball
2-1: Ball
3-1: Base on Balls
Batting: SHB Ángel Díaz 0-0: Called Strike
0-1: Ball
1-1: Ball
2-1: Foul Ball, location: 2F
2-2: Foul Ball, location: 2F
2-2: Strikes out swinging
Batting: LHB David Hernández 0-0: Ball
1-0: Ball
2-0: Called Strike
2-1: Swinging Strike
2-2: Strikes out swinging
Batting: SHB George Adams 0-0: DOUBLE (Groundball, 5L)
Keith Jones to third
Batting: RHB Lee Price 0-0: Called Strike
0-1: Called Strike
0-2: Fly out, F7 (Flyball, 7D)
Top of the 4th over - 0 run(s), 1 hit(s), 0 error(s), 2 left on base; Santa Fe 3 - Gainesville 0
BOTTOM OF THE 4TH
Gainesville Guidos batting - Pitching for Santa Fe Diablos : RHP Christian Camden
Batting: RHB Doug Coleman 0-0: SINGLE (Line Drive, 8LS)
Batting: RHB Kyle O'Day 0-0: Ball
1-0: Ball
2-0: Ball
3-0: Called Strike
3-1: Fielders Choice at 2nd, 5-4 (Groundball, 56)
Batting: RHB Augusto Baca 0-0: Called Strike
0-1: Ball
1-1: Called Strike
1-2: DOUBLE (Flyball, 89M)
Kyle O'Day to third
Runner from 3rd tries for Home, SAFE, no throw
Batting: RHB Denver Baker 0-0: Ball
1-0: Swinging Strike
1-1: Ball
2-1: Called Strike
2-2: Ball
3-2: Strikes out swinging
Batting: LHB Pedro Juárez 0-0: Foul Ball, location: 2F
0-1: Ball
1-1: Ball
2-1: SINGLE (Line Drive, 89S)
Augusto Baca to third
Runner from 3rd tries for Home, SAFE, no throw
Batting: RHB Iván Moreno 0-0: Called Strike
0-1: SINGLE (Groundball, 34D)
Pedro Juárez to second
Runner from 2nd tries for 3rd, SAFE, throw made to third
Batting: LHB Eddy Jefferson 0-0: Called Strike
0-1: Ball
1-1: Ball
2-1: Called Strike
Throwing error on steal attempt, E2
Pedro Juárez scores
Iván Moreno to third
2-2: Ground out 3-1 (Groundball, 34)
Bottom of the 4th over - 3 run(s), 4 hit(s), 1 error(s), 1 left on base; Santa Fe 3 - Gainesville 3
TOP OF THE 5TH
Santa Fe Diablos batting - Pitching for Gainesville Guidos : RHP Dean Kell
Batting: LHB John Bond 0-0: Called Strike
0-1: Swinging Strike
0-2: Strikes out swinging
Batting: RHB John Dinkins 0-0: Called Strike
0-1: Ball
1-1: Called Strike
1-2: Ground out 5-3 (Groundball, 56S)
Batting: LHB Javier Martínez 0-0: Ball
1-0: Ball
2-0: Called Strike
2-1: Foul Ball, location: 2F
2-2: SOLO HOME RUN (Flyball, 9D), Distance : 365 ft
Batting: LHB Juan Torres 0-0: Foul Ball, location: 2F
0-1: Ball
1-1: Ball
2-1: Called Strike
2-2: Ground out 4-3 (Groundball, 4M)
Top of the 5th over - 1 run(s), 1 hit(s), 0 error(s), 0 left on base; Santa Fe 4 - Gainesville 3
BOTTOM OF THE 5TH
Gainesville Guidos batting - Pitching for Santa Fe Diablos : RHP Christian Camden
Batting: RHB Adrián López 0-0: Swinging Strike
0-1: Foul Ball, location: 2F
0-2: Ball
1-2: Strikes out swinging, 2-3 out at first.
Batting: LHB Robbie Turner 0-0: Ball
1-0: Ground out 5-3 (Groundball, 56)
Batting: RHB Doug Coleman 0-0: Foul Ball, location: 2F
0-1: Foul Ball, location: 2F
0-2: Ball
1-2: Strikes out swinging
Bottom of the 5th over - 0 run(s), 0 hit(s), 0 error(s), 0 left on base; Santa Fe 4 - Gainesville 3
TOP OF THE 6TH
Santa Fe Diablos batting - Pitching for Gainesville Guidos : RHP Dean Kell
Pitching: RHP Mario Tovar
Batting: RHB Keith Jones 0-0: Ground out 3-1 (Groundball, 34S)
Batting: SHB Ángel Díaz 0-0: DOUBLE (Line Drive, 7LS)
Batting: LHB David Hernández 0-0: Called Strike
0-1: Foul Ball, location: 2F
0-2: Ball
1-2: Ground out 6-3 (Groundball, 6)
Ángel Díaz to third
Batting: SHB George Adams 0-0: Ball
1-0: Swinging Strike
1-1: Fly out, F6 (Line Drive, 6M)
Top of the 6th over - 0 run(s), 1 hit(s), 0 error(s), 1 left on base; Santa Fe 4 - Gainesville 3
BOTTOM OF THE 6TH
Gainesville Guidos batting - Pitching for Santa Fe Diablos : RHP Christian Camden
Batting: RHB Kyle O'Day 0-0: Ball
1-0: Ball
2-0: Foul Ball, location: 2F
2-1: SINGLE (Groundball, 4MD)
Batting: RHB Augusto Baca 0-0: Ball
1-0: Foul Ball, location: 2F
1-1: Swinging Strike
1-2: Ball
2-2: Strikes out swinging
Batting: RHB Denver Baker 0-0: Ball
1-0: Ball
2-0: Swinging Strike
2-1: Foul Ball, location: 2F
2-2: SINGLE (Flyball, 8RS)
Kyle O'Day to second
Kyle O'Day to third
Batting: LHB Pedro Juárez 0-0: Called Strike
0-1: Ball
1-1: Foul Ball, location: 2F
1-2: Fly out, F7 (Flyball, 7S)
Batting: RHB Iván Moreno 0-0: Ball
1-0: Ground out U3 (Groundball, 34S)
Bottom of the 6th over - 0 run(s), 2 hit(s), 0 error(s), 2 left on base; Santa Fe 4 - Gainesville 3
TOP OF THE 7TH
Santa Fe Diablos batting - Pitching for Gainesville Guidos : RHP Mario Tovar
Batting: RHB Lee Price 0-0: Foul Ball, location: 2F
0-1: Called Strike
0-2: Strikes out looking
Batting: LHB John Bond 0-0: Ball
1-0: Foul Ball, location: 2F
1-1: Ball
2-1: Ball
3-1: Base on Balls
Pinch Runner at 1st Chris Deem:
Batting: RHB John Dinkins 0-0: Ball
1-0: Called Strike
1-1: Swinging Strike
1-2: Foul Ball, location: 2F
1-2: Ball
2-2: Ground out 3-1 (Groundball, 2R)
Chris Deem to second
Batting: LHB Javier Martínez 0-0: Foul Ball, location: 2F
0-1: SINGLE (Groundball, 56D)
Chris Deem to third
Runner from 3rd tries for Home, SAFE, no throw
Batting: LHB Juan Torres 0-0: Ball
1-0: Foul Ball, location: 2F
1-1: Foul Ball, location: 2F
1-2: Strikes out swinging
Top of the 7th over - 1 run(s), 1 hit(s), 0 error(s), 1 left on base; Santa Fe 5 - Gainesville 3
BOTTOM OF THE 7TH
Gainesville Guidos batting - Pitching for Santa Fe Diablos : RHP Christian Camden
Pitching: RHP Tomás Marte
Now at 1B: Tim Adkins
Batting: LHB Eddy Jefferson 0-0: Foul Ball, location: 2F
0-1: SINGLE (Groundball, 34D)
Batting: RHB Adrián López 0-0: Fly out, F5 (Line Drive, 5S)
Batting: LHB Robbie Turner 0-0: Called Strike
0-1: Swinging Strike
0-2: SINGLE (Groundball, 6MD)
Eddy Jefferson to second
Batting: RHB Doug Coleman 0-0: Ball
1-0: Called Strike
1-1: Grounds into double play, 6-4-3 (Groundball, 6)
Bottom of the 7th over - 0 run(s), 2 hit(s), 0 error(s), 1 left on base; Santa Fe 5 - Gainesville 3
TOP OF THE 8TH
Santa Fe Diablos batting - Pitching for Gainesville Guidos : RHP Mario Tovar
Batting: RHB Keith Jones 0-0: Ball
1-0: Ball
2-0: Called Strike
2-1: Foul Ball, location: 2F
2-2: Foul Ball, location: 2F
2-2: Foul Ball, location: 2F
2-2: Foul Ball, location: 2F
2-2: Ball
3-2: Base on Balls
Pitching: RHP Víctor Viña
Batting: SHB Ángel Díaz 0-0: Ball
1-0: Bunted foul
1-1: Ball
2-1: Sac Bunt - play at first, batter OUT! 1-4
Keith Jones to second
Batting: LHB David Hernández 0-0: Ball
1-0: Swinging Strike
1-1: Ball
2-1: Ball
3-1: Swinging Strike
3-2: Strikes out swinging
Batting: SHB George Adams 0-0: Foul Ball, location: 2F
0-1: Ball
1-1: Ball
2-1: Foul Ball, location: 2F
2-2: Ball
3-2: Base on Balls
Batting: RHB Lee Price 0-0: Ball
1-0: Called Strike
1-1: Ball
2-1: Swinging Strike
2-2: Ball
3-2: Base on Balls
Keith Jones to third
George Adams to second
Pinch Hitting: LHB Ricardo Ruíz 0-0: Foul Ball, location: 2F
0-1: DOUBLE (Line Drive, 9LM)
Keith Jones scores
George Adams scores
Lee Price to third
Runner from 3rd tries for Home, SAFE, no throw
Batting: RHB John Dinkins 0-0: SINGLE (Groundball, 34D)
Ricardo Ruíz to third
Runner from 3rd tries for Home, SAFE, no throw
Batting: LHB Javier Martínez 0-0: Ground out 4-3 (Groundball, 4S)
Top of the 8th over - 4 run(s), 2 hit(s), 0 error(s), 1 left on base; Santa Fe 9 - Gainesville 3
BOTTOM OF THE 8TH
Gainesville Guidos batting - Pitching for Santa Fe Diablos : RHP Tomás Marte
Now at 1B: Roberto Hernández
Batting: RHB Kyle O'Day 0-0: Swinging Strike
0-1: Called Strike
0-2: Ball
1-2: Ball
2-2: Ball
3-2: DOUBLE (Line Drive, 9LM)
Batting: RHB Augusto Baca 0-0: Ball
1-0: Fly out, F9 (Flyball, 9S)
Batting: RHB Denver Baker 0-0: Foul Ball, location: 2F
0-1: Swinging Strike
0-2: Strikes out swinging
Batting: LHB Pedro Juárez 0-0: Foul Ball, location: 2F
0-1: Ball
1-1: Reached on error, E3 (Groundball, 34)
Kyle O'Day to third
Batting: RHB Iván Moreno 0-0: Ball
1-0: Called Strike
1-1: Ball
Wild Pitch!
Kyle O'Day scores
Pedro Juárez to second
2-1: Ball
3-1: Called Strike
3-2: Strikes out swinging
Bottom of the 8th over - 1 run(s), 1 hit(s), 1 error(s), 1 left on base; Santa Fe 9 - Gainesville 4
TOP OF THE 9TH
Santa Fe Diablos batting - Pitching for Gainesville Guidos : RHP Víctor Viña
Pitching: RHP Salvador De Jesús
Batting: LHB Juan Torres 0-0: Ball
1-0: Ball
2-0: SINGLE (Groundball, 4MD)
Batting: RHB Keith Jones 0-0: Ball
1-0: Ball
2-0: Swinging Strike
2-1: Ball
3-1: Foul Ball, location: 2F
3-2: Base on Balls
Juan Torres to second
Batting: SHB Ángel Díaz 0-0: Ball
1-0: Called Strike
1-1: Sac Bunt - play at first, batter OUT! 5-3
Juan Torres to third
Keith Jones to second
Batting: LHB David Hernández 0-0: Ball
1-0: Ball
2-0: Ball
3-0: Called Strike
3-1: Foul Ball, location: 2F
3-2: Ground out U3 (Groundball, 3)
Batting: SHB George Adams 0-0: Called Strike
0-1: Ball
1-1: Ball
2-1: Ball
3-1: Base on Balls
Batting: RHB Lee Price 0-0: Swinging Strike
0-1: Ball
1-1: Foul Ball, location: 2F
1-2: SINGLE (Line Drive, 56D)
Juan Torres scores
Keith Jones to third
George Adams to second
Batting: LHB Roberto Hernández 0-0: Ball
Wild Pitch!
Keith Jones scores
George Adams to third
Lee Price to second
1-0: Foul Ball, location: 2F
1-1: Swinging Strike
1-2: Ball
2-2: Strikes out swinging
Top of the 9th over - 2 run(s), 2 hit(s), 0 error(s), 2 left on base; Santa Fe 11 - Gainesville 4
BOTTOM OF THE 9TH
Gainesville Guidos batting - Pitching for Santa Fe Diablos : RHP Tomás Marte
Batting: LHB Eddy Jefferson 0-0: Called Strike
0-1: Ball
1-1: Ball
2-1: Ball
3-1: Ground out 4-3 (Groundball, 4)
Batting: RHB Adrián López 0-0: Fly out, F8 (Flyball, 8LS)
Batting: LHB Robbie Turner 0-0: Swinging Strike
0-1: Ball
1-1: Foul Ball, location: 2F
1-2: SINGLE (Groundball, 56D)
Batting: RHB Doug Coleman 0-0: Called Strike
0-1: Foul Ball, location: 2F
0-2: Ball
1-2: Foul Ball, location: 2F
1-2: Ground out 1-3 (Groundball, 13)
Bottom of the 9th over - 0 run(s), 1 hit(s), 0 error(s), 1 left on base; Santa Fe 11 - Gainesville 4
Tuesday, August 8th, 2017 - OOTP Baseball 17.12 Build 75